 Dungeon Crawl Stone Soup version 0.29.1-15-g9cfb28693d (webtiles) character file.

Game seed: 2534448351069632697

20 hawla the Firebug (level 3, -2/26 HPs)
             Began as a Meteoran Fire Elementalist on Mar 7, 2023.
             Slain by Ijyb
             ... wielding a +4 dagger of venom
              (7 damage)
             ... on level 3 of the Dungeon.
             The game lasted 00:02:41 (269 turns).

hawla the Firebug (Meteoran Fire Elementalist)       Turns: 269, Time: 00:02:41

Health: -2/26      AC:  3    Str: 10    XL:     3   Next: 14%
Magic:  2/8        EV:  9    Int: 18    God:
Gold:   32         SH:  0    Dex: 14    Spells: 7/8 levels left

rFire   . . .      SeeInvis .   (no weapon)
rCold   . . .      Faith    .   (no shield)
rNeg    . . .      Spirit   .   a - +1 robe
rPois   .          Reflect  .   (no helmet)
rElec   .          Harm     .   (no cloak)
rCorr   .          Rampage  .   (no gloves)
Will    .....                   (no boots)
Stlth   +.........              (no amulet)
HPRegen 0.08/turn               (no ring)
MPRegen 0.11/turn               (no ring)

@: grasped by roots, very slightly contaminated, glowing, constricted
A: sense surroundings 1, otherworldly, glowing, explore regen
a: no special abilities


You were on level 3 of the Dungeon.
You visited 1 branch of the dungeon, and saw 3 of its levels.

You collected 32 gold pieces.

Inventory:

Armour
 a - a +1 robe (worn)
Potions
 b - a potion of magic
 d - a potion of curing


   Skills:
 + Level 2.7 Dodging
 - Level 1.4 Stealth
 + Level 3.2 Spellcasting
 + Level 1.6 Conjurations
 + Level 4.1 Fire Magic


You had 7 spell levels left.
You knew the following spells:

 Your Spells              Type           Power      Damage    Failure   Level
a - Foxfire               Conj/Fire      52%        2x1d6     4%          1

Your spell library contained the following spells:

 Spells                   Type           Power      Damage    Failure   Level
 Scorch                   Fire           34%        2d7       4%          2
 Conjure Flame            Conj/Fire      13%        6-21      14%         3
 Inner Flame              Hex/Fire       10%        N/A       21%         3
 Flame Wave               Conj/Fire      13%        2d6       43%         4


Dungeon Overview and Level Annotations

Branches:
Dungeon (3/15) Zot: 1530

Altars:
Ru

Annotations:
D:3 Ijyb


Innate Abilities, Weirdness & Mutations

You passively map a small area around you.
You are easily found by Zot.
You glow in the dark.
You regain HP and MP as you explore.


Message History

Ijyb is lightly wounded.
Casting: Foxfire (safe; 4% risk of failure)
Confirm with . or Enter, or press ? or * to list all spells.
You conjure some foxfire!
A ball python comes into view.
Ijyb misses you.
You barely miss Ijyb.
Ijyb is lightly wounded.
The foxfire hits Ijyb.
Ijyb is moderately wounded.
The foxfire hits Ijyb.
Ijyb is heavily wounded.
Ijyb hits you with a +4 dagger of venom!
* * * LOW HITPOINT WARNING * * *
You are lethally poisoned!
You feel better. Ijyb barely misses you.
Casting: Foxfire (safe; 4% risk of failure)
Confirm with . or Enter, or press ? or * to list all spells.
You miscast Foxfire.
You are very lightly contaminated with residual magic.
Nothing appears to happen.
Ijyb barely misses you.
Casting: Foxfire (safe; 4% risk of failure)
Confirm with . or Enter, or press ? or * to list all spells.
You conjure some foxfire!
Ijyb zaps a wand.
The roots erupt in riotous growth!
The grasping roots grab you!
Your foxfire is unaffected.
Ijyb is unaffected.
Your foxfire is unaffected.
The grasping roots constrict you.
* * * LOW HITPOINT WARNING * * *
Casting: Foxfire (safe; 4% risk of failure)
Confirm with . or Enter, or press ? or * to list all spells.
You conjure some foxfire!
The foxfire hits Ijyb.
Ijyb is heavily wounded.
The foxfire hits the ball python.
You kill the ball python!
A quokka comes into view.
Ijyb screams, "Me kill you!"
Ijyb hits you with a +4 dagger of venom!
You die...

* ,* * , ,, , ,
* * , , , * r ,
, * , #.#######
* * ........##*
# * * *
*#...$.##.#.#
##.##..v@g.....#
.......v.....###
#####...##### *
* * ##.## *, , *
#.# * #.# #.#
#.# **
*#.####### *


You could see Ijyb and a quokka.

Vanquished Creatures
  3 ball pythons
  3 endoplasms (D:2)
  A giant cockroach (D:2)
  A hobgoblin (D:2)
  2 jackals (D:2)
  3 quokkas
  A frilled lizard (D:1)
  2 goblins
  2 rats
18 creatures vanquished.

Vanquished Creatures (others)
  40 foxfires
40 creatures vanquished.

Grand Total: 58 creatures vanquished

Notes
Turn   | Place    | Note
-------+----------+-------------------------------------------
     0 | D:1      | hawla the Meteoran Fire Elementalist began the quest for
                  | the Orb.
     0 | D:1      | Reached XP level 1. HP: 14/14 MP: 5/5
   103 | D:2      | Reached XP level 2. HP: 20/20 MP: 4/6
   186 | D:2      | Reached XP level 3. HP: 19/26 MP: 2/8
   188 | D:2      | Reached skill level 4 in Fire Magic
   220 | D:3      | Found a sacrificial altar of Ru.
   257 | D:3      | Noticed Ijyb
   269 | D:3      | Slain by Ijyb

Illustrated notes

Levels and vault maps discovered:
D:1:      amcnicky_arrival_underground_garden, layout_loops_corners,
          serial_shops, nicolae_shop_hallway_plus,
          corexii_item_surrounded_by_moat, minmay_misc_feat_nine_boxes
D:2:      minmay_chambers_of_ones, layout_basic,
          shapermc_ecumenical_altar_pompeii
D:3:      layout_loops_ring, mainiacjoe_overflow_big_doors, serial_shops,
          nicolae_shop_behind_doors, lightli_sewer_entry_pipes, uniq_jessica,
          uniq_natasha, uniq_ijyb

Skill      XL: |  1  2  3 |
---------------+----------+-----
Spellcasting   | 3 |  3.2
Fire Magic     | 4 |  4.1
Dodging        | |  2.7
Stealth        | |  1.4
Conjurations   | |  1.6

Action                   || total
-------------------------++-------
Melee: Unarmed           ||     9
 Cast: Foxfire           ||    27
  Use: Scroll            ||     4
       Potion            ||     1
Armor: Robe              ||     2
Dodge: Dodged            ||     7
